 Dungeon Crawl Stone Soup version 0.30.1-4-g462c640d31 (webtiles) character file.

Game seed: 12760088077777105684

4 mason12 the Trooper (level 1, 0/18 HPs)
             Began as a Mummy Cinder Acolyte on Sept 18, 2023.
             Was a High Priest of Ignis.
             Slain by a goblin
             ... wielding a +0 dagger
              (3 damage)
             ... on level 1 of the Dungeon.
             The game lasted 00:00:47 (165 turns).

mason12 the Trooper (Mummy Cinder Acolyte)           Turns: 165, Time: 00:00:47

Health: 0/18       AC:  2    Str: 17    XL:     1   Next: 50%
Magic:  2/2        EV: 11    Int: 19    God:    Ignis [*****.]
Gold:   22         SH:  0    Dex:  7    Spells: 2/2 levels left

rFire   . . .        c - +1 rapier (freeze)
rCold   + . .        (no shield)
rNeg    + + +        b - +0 robe
rPois   ∞            (no helmet)
rElec   .            (no cloak)
rCorr   .            (no gloves)
SInv    .            (no boots)
Will    .....        (no amulet)
Stlth   +            d - +6 ring of intelligence
HPRegen 0.23/turn    (no ring)
MPRegen 0.08/turn

%: faith
@: no status effects
A: cold resistance 1, negative energy resistance 3, torment resistance 2, heat
vulnerability 1, no potions, faith
a: Renounce Religion, Fiery Armour, Foxfire Swarm, Rising Flame


You were on level 1 of the Dungeon.
You worshipped Ignis.
Ignis was extremely pleased with you.
You visited 1 branch of the dungeon, and saw 1 of its levels.

You collected 22 gold pieces.

Inventory:

Hand Weapons
 a - a -1 hand axe of flaming
 c - a +1 rapier of freezing (weapon)
Armour
 b - a +0 robe (worn)
Jewellery
 d - a +6 ring of intelligence (left hand)
Scrolls
 e - a scroll of identify {unknown}


   Skills:
 + Level 3.0 Fighting
 + Level 2.4 Axes
 + Level 1.3 Spellcasting
 + Level 2.7 Fire Magic


You had 2 spell levels left.
You didn't know any spells.
Your spell library contained the following spells:

 Spells                   Type           Power      Damage    Failure   Level
 Scorch                   Fire           22%        2d5       9%          2


Dungeon Overview and Level Annotations

Branches:
Dungeon (1/15)

Altars:


Innate Abilities, Weirdness & Mutations

You are immune to poison.
Your flesh is cold resistant. (rC+)
You are immune to negative energy. (rN+++)
You are immune to unholy pain and torment.
You are vulnerable to heat. (rF-)
You do not drink.
You have a special connection with the divine. (Faith)


Message History

You see here a hobgoblin corpse.
You now have 22 gold pieces (gained 15).
You see here a +0 short sword.
A ball python comes into view.
The ball python hisses angrily.
You see here a +0 dagger.
You closely miss the ball python. The ball python barely misses you.
The ball python grabs you. The ball python constricts you.
You barely miss the ball python.
The ball python bites you but does no damage.
The ball python constricts you.
The ball python bites you but does no damage.
The ball python constricts you.
You hit the ball python.
The ball python seems to slow down.
You freeze the ball python.
You kill the ball python!
You see here a ball python corpse.
Found a stone staircase leading down.
A goblin comes into view. It is wielding a +0 dagger.
The goblin shouts!
The goblin hits you with a +0 dagger. The goblin hits you with a +0 dagger.
The goblin hits you with a +0 dagger. The goblin hits you with a +0 dagger.
A goblin comes into view. It is wielding a +0 dagger.
You hit the goblin. You freeze the goblin.
The goblin is heavily wounded.
The goblin hits you with a +0 dagger.
A frilled lizard comes into view.
You hit the goblin. You freeze the goblin.
You kill the goblin!
Things that are here:
a +0 dagger; a goblin corpse You miss the goblin.
The goblin hits you with a +0 dagger.
* * * LOW HITPOINT WARNING * * *
The frilled lizard barely misses you.
You barely miss the goblin.
The frilled lizard bites you but does no damage.
The goblin hits you but does no damage. The goblin hits you with a +0 dagger.
You die...

#. #.. #.. ..#
#..# ...# ... ...#
#.###### .>... ###
##.....##...#
.....#..g@.......#
#....l....#.#.#
########..#.#.###
#.........
##†######. #.# #.#
###)# ####..)#


You could see a goblin and a frilled lizard.

Vanquished Creatures
  A ball python (D:1)
  A goblin (D:1)
  A hobgoblin (D:1)
3 creatures vanquished.

Notes
Turn   | Place    | Note
-------+----------+-------------------------------------------
     0 | D:1      | mason12 the Mummy Cinder Acolyte began the quest for the
                  | Orb.
     0 | D:1      | Reached XP level 1. HP: 18/18 MP: 2/2
   165 | D:1      | Slain by a goblin

Illustrated notes

Levels and vault maps discovered:
D:1:      dpeg_arrival_snail, layout_loops_ring, basic_ecumenical_altar,
          minmay_tromino_i4

Action                     || total
---------------------------++-------
  Melee: Rapier            ||    10
 Armour: Robe              ||     5
  Dodge: Dodged            ||     6
